 Dungeon Crawl Stone Soup version 0.20.1-1-g8b1a95d (webtiles) character file.

155 nightchill the Chiller (level 5, -2/38 HPs)
             Began as a Draconian Ice Elementalist on Dec 15, 2017.
             Slain by a two-headed ogre
             ... wielding a +0 giant club
              (12 damage)
             ... on level 4 of the Dungeon.
             The game lasted 00:10:35 (3294 turns).

nightchill the Chiller (Draconian Ice Elementalist) Turns: 3294, Time: 00:10:36

Health: -2/38      AC:  6    Str: 10    XL:     5   Next: 14%
Magic:  7/8        EV: 12    Int: 17    God:
Gold:   88         SH:  0    Dex: 11    Spells: 7/8 levels left

rFire    . . .     SeeInvis .   a - +0 whip
rCold    . . .     Gourm    .   (no shield)
rNeg     . . .     Faith    .   (armour unavailable)
rPois    .         Spirit   .   (helmet restricted)
rElec    .         Reflect  .   e - +0 cloak
rCorr    .         Harm     .   (no gloves)
MR       .....                  (no boots)
Stlth    ++........             (no amulet)
Regen    0.2/turn               (no ring)
MPRegen  0.2/turn               (no ring)

@: no status effects
A: unfitting armour, cold-blooded, AC +5
a: no special abilities


You were on level 4 of the Dungeon.
You were not hungry.

You visited 1 branch of the dungeon, and saw 4 of its levels.

You collected 88 gold pieces.

Inventory:

Hand Weapons
 a - a +0 whip (weapon)
 b - a +0 hunting sling
 i - a +0 dagger
 k - a +0 club
 y - a cursed -3 flail
Missiles
 g - 83 stones (quivered)
Armour
 e - a +0 cloak (worn)
Scrolls
 c - 5 scrolls of identify {unknown}
 d - a scroll of amnesia {unknown}
 h - 2 scrolls of teleportation {unknown}
 j - 3 scrolls of recharging {unknown}
 n - a scroll of immolation {unknown}
 s - a scroll of remove curse {unknown}
 t - a scroll of enchant weapon {unknown}
 w - 2 scrolls of magic mapping {unknown}
Potions
 f - 2 potions of agility {unknown}
 l - 4 potions of mutation {unknown}
 p - a potion of resistance {unknown}
 q - 4 potions of curing {unknown}
 u - a potion of berserk rage {unknown}
 v - a potion of heal wounds {unknown}
 x - 2 potions of flight {unknown}
 A - 2 potions of haste {unknown}
Books
 o - a book of Frost

   Spells                             Type                      Level
   a - Freeze                         Ice                          1
   b - Throw Frost                    Conjuration/Ice              2
   c - Ozocubu's Armour               Charms/Ice                   3
   d - Throw Icicle                   Conjuration/Ice              4
   e - Summon Ice Beast               Ice/Summoning                4
Comestibles
 m - 2 royal jellies
 r - 4 bread rations
 B - a meat ration


   Skills:
 - Level 1.7 Dodging
 - Level 1.7 Stealth
 - Level 2.0 Spellcasting
   Level 1.0 Conjurations
 + Level 5.9 Ice Magic


You had 7 spell levels left.
You knew the following spells:

 Your Spells              Type           Power        Failure   Level  Hunger
a - Freeze                Ice            ###.         1%          1    #......


Dungeon Overview and Level Annotations

Branches:
Dungeon (4/15)
 Temple: D:4-7

Altars:
Ashenzari

Annotations:
D:3 1 exclusion


Innate Abilities, Weirdness & Mutations

Your plain brown scales are hard. (AC +5)
You cannot fit into any form of body armour.
You are cold-blooded and may be slowed by cold attacks.


Message History

Confirm with . or Enter, or press ? or * to list all spells.
Aiming: Freeze
Press: ? - help, Shift-Dir - straight line, f/p - two-headed ogre
Aim: a two-headed ogre, wielding two giant clubs You freeze the two-headed ogre.
The two-headed ogre is lightly wounded.
Casting: Freeze
Confirm with . or Enter, or press ? or * to list all spells.
Aiming: Freeze
Press: ? - help, Shift-Dir - straight line, f/p - two-headed ogre
Aim: a two-headed ogre, wielding two giant clubs (lightly wounded)
You freeze the two-headed ogre.
The two-headed ogre is moderately wounded.
The two-headed ogre hits you but does no damage.
The two-headed ogre hits you with a giant club!!
Ouch! That really hurt!
* * * LOW HITPOINT WARNING * * *
There is a stone staircase leading up here.
The two-headed ogre hits you with a giant club!
You die...

##### #.O@#
#.###
##########.#
#..........#
#.##########
#.# #.# #.#
#.#


You could see a two-headed ogre.

Vanquished Creatures
  An orc priest (D:3)
  An orc wizard (D:3)
  2 adders (D:2)
  An ooze (D:1)
  3 worms (D:2)
  A dart slug (D:1)
  2 orcs (D:3)
  A ball python (D:2)
  8 bats
  3 giant cockroaches
  5 goblins
  10 hobgoblins
  7 jackals (D:2)
  3 kobolds
  3 frilled lizards
  11 rats
62 creatures vanquished.

Notes
Turn   | Place    | Note
-------+----------+-------------------------------------------
     0 | D:1      | nightchill the Draconian Ice Elementalist began the quest for the Orb.
     0 | D:1      | Reached XP level 1. HP: 14/14 MP: 3/3
   288 | D:1      | Reached XP level 2. HP: 20/20 MP: 0/5
   608 | D:1      | Reached skill level 4 in Ice Magic
   883 | D:1      | Reached XP level 3. HP: 25/26 MP: 6/6
  1276 | D:2      | Found a faded altar of an unknown god.
  1664 | D:2      | Reached XP level 4. HP: 18/33 MP: 0/7
  1965 | D:2      | Reached skill level 5 in Ice Magic
  2542 | D:3      | Found a shattered altar of Ashenzari.
  2816 | D:3      | Reached XP level 5. HP: 4/38 MP: 0/8
  3269 | D:4      | Noticed a two-headed ogre
  3294 | D:4      | Slain by a two-headed ogre

Skill      XL: |  1  2  3  4 |
---------------+-------------+-----
Ice Magic      | 4 5 |  5.9
Dodging        | |  1.7
Stealth        | |  1.7
Spellcasting   | |  2.0
Conjurations   | |  1.0

Action                   |  1- 3 |  4- 6 || total
-------------------------+-------+-------++-------
Melee: Unarmed           |    17 |       ||    17
       Tailslap          |     5 |     2 ||     7
       Whip              |    34 |    27 ||    61
 Cast: Freeze            |    49 |    38 ||    87
 Stab: Sleeping          |     2 |     1 ||     3
  Eat: Chunk             |     2 |     7 ||     9
Armor: Skin              |    34 |    23 ||    57
Dodge: Dodged            |    60 |    33 ||    93
